[Event "ICC tourney 1910 (25 10)"]
[Site "Internet Chess Club"]
[Date "2020.07.11"]
[Round "3"]
[White "jvihaan"]
[Black "RobloxMadCity"]
[Result "1-0"]
[ICCResult "Black checkmated"]
[WhiteElo "1301"]
[BlackElo "1437"]
[Opening "Caro-Kann: advance variation"]
[ECO "B12"]
[NIC "CK.02"]
[Time "15:30:23"]
[TimeControl "1500+10"]

1. e4 c6 2. d4 d5 3. e5 c5 4. dxc5 e6 5. Be3 Nc6 6. Nf3 Bxc5 7. Bxc5 Qa5+ 8.
b4 Nxb4 9. Bxb4 Qxb4+ 10. Nbd2 Ne7 11. Rb1 Qc5 12. Bb5+ Nc6 13. O-O O-O 14.
Bxc6 bxc6 15. Nb3 Qe7 16. Nfd4 c5 17. Nb5 Ba6 18. Na5 Qd8 19. Qd2 Qd7 20. c4
Rfd8 21. Nd6 dxc4 22. Rfc1 Qa4 23. Naxc4 Bxc4 24. Rxc4 Qxc4 25. Nxc4 Rxd2
26. Nxd2 h6 27. Rc1 Kh7 28. Rxc5 Rd8 29. Rc2 Kg6 30. Kf1 Kf5 31. Nc4 Ke4 32.
Nd6+ Kf4 33. Rc4+ Kxe5 34. Nxf7+ Kd5 35. Nxd8 Kxc4 36. Nxe6 g5 37. Ke2 Kb4
38. Kd2 Ka3 39. Kc3 Kxa2 40. Kb4 Kb2 41. f4 gxf4 42. Nxf4 Kc2 43. g4 Kd2 44.
h4 Ke3 45. g5 hxg5 46. hxg5 Kxf4 47. g6 Kf5 48. g7 a5+ 49. Kxa5 Kf6 50. g8=Q
Ke5 51. Qe8+ Kd4 52. Kb4 Kd5 53. Kc3 Kd6 54. Kc4 Kc7 55. Kc5 Kb7 56. Qc6+
Kb8 57. Kd6 Ka7 58. Qb5 Ka8 59. Kc7 Ka7 60. Qa5# {Black checkmated} 1-0

[Event "ICC tourney 1910 (25 10)"]
[Site "Internet Chess Club"]
[Date "2020.07.11"]
[Round "3"]
[White "MonkeyTown"]
[Black "iamlifamily"]
[Result "1-0"]
[ICCResult "Black checkmated"]
[WhiteElo "1447"]
[BlackElo "1327"]
[Opening "Queen's pawn"]
[ECO "A40"]
[NIC "QO.17"]
[Time "15:29:57"]
[TimeControl "1500+10"]

1. d4 c6 2. Nf3 d5 3. e3 Bf5 4. c4 e6 5. Qb3 Qb6 6. Nc3 Nd7 7. Be2 Ngf6 8.
O-O Be7 9. Bd2 O-O 10. Rfc1 h6 11. Na4 Qxb3 12. axb3 Ne4 13. Be1 f6 14. Nc3
e5 15. cxd5 Nxc3 16. bxc3 cxd5 17. c4 Be6 18. cxd5 Bxd5 19. Bc4 Bxc4 20.
Rxc4 e4 21. Nh4 Rfc8 22. Rac1 Nb6 23. Rc7 Bd6 24. Rxc8+ Rxc8 25. Rxc8+ Nxc8
26. Nf5 Bf8 27. Ng3 Nd6 28. Bb4 Kf7 29. Bxd6 Bxd6 30. Nxe4 Ke6 31. Kf1 f5
32. Nxd6 Kxd6 33. Ke2 Kd5 34. Kd3 a5 35. f3 f4 36. e4+ Ke6 37. Kc4 Kd6 38.
Kb5 g5 39. Kxa5 h5 40. Kb6 h4 41. h3 g4 42. hxg4 h3 43. gxh3 Ke6 44. Kxb7
Kf6 45. b4 Ke7 46. Kc7 Ke6 47. b5 Ke7 48. b6 Ke8 49. b7 Kf7 50. b8=Q Ke6 51.
Kc6 Ke7 52. Qxf4 Ke6 53. Qf5+ Ke7 54. Qg6 Kd8 55. Qf7 Kc8 56. Qc7#
{Black checkmated}
1-0

[Event "ICC tourney 1910 (25 10)"]
[Site "Internet Chess Club"]
[Date "2020.07.11"]
[Round "3"]
[White "srirammarni"]
[Black "Clavier385"]
[Result "0-1"]
[ICCResult "White resigns"]
[WhiteElo "1353"]
[BlackElo "1435"]
[Opening "French: exchange variation"]
[ECO "C01"]
[NIC "FR.01"]
[Time "15:30:00"]
[TimeControl "1500+10"]

1. e4 e6 2. d4 d5 3. exd5 exd5 4. Nf3 Bg4 5. Be2 Nf6 6. h3 Bh5 7. Nc3 Nbd7
8. Bf4 a6 9. O-O Be7 10. Ne5 Bxe2 11. Qxe2 O-O 12. Nxd7 Qxd7 13. Rfe1 Rfe8
14. Qe5 Bd6 15. Qg5 Bxf4 16. Qxf4 c6 17. Rxe8+ Rxe8 18. Qd2 Ne4 19. Nxe4
Rxe4 20. Re1 Rxe1+ 21. Qxe1 h6 22. Kh2 Kh7 23. g3 b6 24. b3 Qe6 25. Qxe6
fxe6 26. Kg2 Kg6 27. f4 Kf5 28. Kf3 c5 29. g4+ Kf6 30. dxc5 bxc5 31. Ke3 g5
32. fxg5+ hxg5 33. c4 Ke5 34. Kd3 dxc4+ 35. bxc4 Kf4 36. Ke2 e5 37. Kf2 e4
38. Kg2 e3 39. a4 Ke4 40. Kg3 Kd3 41. Kf3 Kd2 42. h4 gxh4 43. g5 e2 44. g6
e1=Q 45. g7 Qg1 {White resigns} 0-1

[Event "ICC tourney 1910 (25 10)"]
[Site "Internet Chess Club"]
[Date "2020.07.11"]
[Round "3"]
[White "IGMin2023"]
[Black "Hydra88"]
[Result "0-1"]
[ICCResult "White resigns"]
[WhiteElo "1342"]
[BlackElo "1500"]
[Opening "English: Neo-Catalan"]
[ECO "A13"]
[NIC "RE.11"]
[Time "15:30:03"]
[TimeControl "1500+10"]

1. Nf3 d5 2. c4 e6 3. g3 Nf6 4. Bg2 Bb4 5. O-O O-O 6. b3 dxc4 7. bxc4 Re8 8.
Qc2 Nc6 9. Bb2 Bc5 10. Rd1 Nd4 11. Nxd4 Bxd4 12. Nc3 e5 13. e3 Bb6 14. a4 c6
15. a5 Bxa5 16. Ne2 Bc7 17. Nc3 Bg4 18. f3 Be6 19. d3 Qc8 20. g4 Bb6 21. Re1
h6 22. h3 Qd7 23. Kh1 Rad8 24. Rad1 Ba5 25. Qa4 b6 26. Re2 c5 27. Qa3 Bxc3
28. Qxc3 Qc7 29. Qa3 Bxc4 30. Ree1 Bb5 31. Qb3 Qd7 32. d4 Ba4 33. Qd3 Bxd1
34. Qxd1 exd4 35. exd4 Rxe1+ 36. Qxe1 cxd4 37. Qd2 Qe7 38. f4 Qe3 39. Qd1
Ne4 40. Qf1 Ng3+ 41. Kh2 Nxf1+ 42. Bxf1 Qf2+ 43. Kh1 Qxf1+ 44. Kh2 Qf2+ 45.
Kh1 Qxb2 46. Kg1 Rc8 {White resigns} 0-1

[Event "ICC tourney 1910 (25 10)"]
[Site "Internet Chess Club"]
[Date "2020.07.11"]
[Round "3"]
[White "jesse3chess"]
[Black "thihansa"]
[Result "1-0"]
[ICCResult "Black checkmated"]
[WhiteElo "1413"]
[BlackElo "1257"]
[Opening "French: Steinitz, Boleslavsky variation"]
[ECO "C11"]
[NIC "FR.04"]
[Time "15:30:05"]
[TimeControl "1500+10"]

1. e4 e6 2. d4 d5 3. Nc3 Nf6 4. e5 Nfd7 5. f4 c5 6. Nf3 Nc6 7. Be3 cxd4 8.
Nxd4 Bc5 9. Be2 O-O 10. O-O a6 11. Bf2 Nxd4 12. Bxd4 Bxd4+ 13. Qxd4 Qb6 14.
Qxb6 Nxb6 15. Rad1 Bd7 16. Rf3 Rac8 17. Bd3 Nc4 18. Bxc4 Rxc4 19. g3 h6 20.
Rfd3 b5 21. Rd4 Rfc8 22. Rxc4 Rxc4 23. Rd2 Kf8 24. Ne2 Ke7 25. Kf2 a5 26. c3
a4 27. Rd4 Bc6 28. Rxc4 bxc4 29. Ke3 Kd7 30. Kd4 Kc7 31. Kc5 g6 32. Nd4 Be8
33. Nb5+ Kb7 34. Nd6+ Kc7 35. Nxe8+ Kd7 36. Nd6 Ke7 37. Kb4 f6 38. Kxa4 fxe5
39. fxe5 h5 40. Kb5 g5 41. a4 Kd7 42. Kb6 Kd8 43. a5 Kd7 44. a6 h4 45. g4 h3
46. a7 Ke7 47. a8=Q Kd7 48. Qe8# {Black checkmated} 1-0

[Event "ICC tourney 1910 (25 10)"]
[Site "Internet Chess Club"]
[Date "2020.07.11"]
[Round "3"]
[White "Deveshc"]
[Black "Supersamraat"]
[Result "0-1"]
[ICCResult "White checkmated"]
[WhiteElo "1389"]
[BlackElo "1486"]
[Opening "French: Tarrasch, closed variation"]
[ECO "C05"]
[NIC "FR.14"]
[Time "15:30:00"]
[TimeControl "1500+10"]

1. e4 e6 2. d4 d5 3. Nd2 Nf6 4. exd5 exd5 5. Ngf3 Bf5 6. Be2 c6 7. O-O Bd6
8. Re1 O-O 9. c3 Nbd7 10. Nb3 h6 11. Bd3 Ne4 12. Qc2 Re8 13. Ne5 Nxe5 14.
dxe5 Bxe5 15. f3 Qh4 16. g3 Nxg3 17. hxg3 Qxg3+ 18. Kf1 Qxf3+ 19. Kg1 Bxd3
20. Qg2 Qxg2+ 21. Kxg2 Bd6 22. Bd2 Rxe1 23. Rxe1 Kf8 24. Re3 Bc4 25. Nc1 Bf4
26. Re2 Bxe2 27. Bxf4 Re8 28. Kf2 Bg4 29. Bd6+ Kg8 30. Ba3 f6 31. Kg3 Bf5
32. b3 Bh7 33. Kf2 Kf7 34. Kg3 Re3+ 35. Kf2 Rxc3 36. Ke2 Rc2+ 37. Kd1 h5 38.
Ke1 h4 39. Kf1 h3 40. Kg1 h2+ 41. Kh1 Be4# {White checkmated} 0-1

[Event "ICC tourney 1910 (25 10)"]
[Site "Internet Chess Club"]
[Date "2020.07.11"]
[Round "3"]
[White "ABecker755"]
[Black "TheOrcaPro"]
[Result "0-1"]
[ICCResult "White resigns"]
[WhiteElo "1389"]
[BlackElo "1592"]
[Opening "French: exchange variation"]
[ECO "C01"]
[NIC "FR.01"]
[Time "15:30:49"]
[TimeControl "1500+10"]

1. e4 e6 2. d4 d5 3. exd5 exd5 4. Bd3 Bd6 5. Nf3 Ne7 6. O-O Nbc6 7. Bg5 f6
8. Be3 O-O 9. c4 dxc4 10. Bxc4+ Kh8 11. Nc3 Bf5 12. a3 Qd7 13. Bd3 Rfe8 14.
Qc2 Rad8 15. Rad1 a6 16. Nh4 Bxd3 17. Qxd3 Qg4 18. Nf3 Ng6 19. h3 Qd7 20.
Rfe1 b5 21. Ne4 Bf4 22. Bxf4 Nxf4 23. Qc3 f5 24. Nc5 Rxe1+ 25. Rxe1 Qd5 26.
Nd3 Nxd3 27. Qxd3 g6 28. Rd1 Na5 29. Ne5 Nb3 30. Qf3 Qe6 31. d5 Qxe5 32.
Qxb3 Qd6 33. Qc3+ Kg8 34. Qc6 Qxc6 35. dxc6 Rxd1+ 36. Kh2 Rc1 {White
resigns} 0-1

[Event "ICC tourney 1910 (25 10)"]
[Site "Internet Chess Club"]
[Date "2020.07.11"]
[Round "3"]
[White "BotanicalKnight"]
[Black "DEEEFENDER"]
[Result "0-1"]
[ICCResult "White forfeits on time"]
[WhiteElo "1524"]
[BlackElo "1471"]
[Opening "Caro-Kann defense"]
[ECO "B10"]
[NIC "CK.01"]
[Time "15:30:09"]
[TimeControl "1500+10"]

1. e4 c6 2. f4 d5 3. e5 Bf5 4. d3 h6 5. Nf3 e6 6. g3 a6 7. Nc3 Bc5 8. d4 Ba7
9. Bg2 Ne7 10. O-O c5 11. dxc5 Bxc5+ 12. Kh1 Nbc6 13. a3 Ba7 14. Ne2 Qc7 15.
c3 Rd8 16. h3 O-O 17. g4 Bh7 18. Ned4 Nxd4 19. Nxd4 Be4 20. Be3 Bxg2+ 21.
Kxg2 Bb8 22. h4 Kh7 23. Qd3+ g6 24. h5 Rg8 25. Rf3 Kh8 26. hxg6 Rxg6 27. Rg3
Rdg8 28. Rh1 Kg7 29. Rxh6 Rxh6 30. f5 Qxe5 31. Bxh6+ Kxh6 32. Rh3+ Kg7 33.
f6+ Qxf6 34. Rh7+ Kf8 35. Nxe6+ Qxe6 {White forfeits on time} 0-1

[Event "ICC tourney 1910 (25 10)"]
[Site "Internet Chess Club"]
[Date "2020.07.11"]
[Round "3"]
[White "Eleyn"]
[Black "KingRayfish"]
[Result "0-1"]
[ICCResult "White checkmated"]
[WhiteElo "1469"]
[BlackElo "1463"]
[Opening "Sicilian: Alapin's variation (2.c3)"]
[ECO "B22"]
[NIC "SI.46"]
[Time "15:30:10"]
[TimeControl "1500+10"]

1. e4 c5 2. c3 d6 3. Nf3 Nf6 4. e5 dxe5 5. Nxe5 e6 6. d4 cxd4 7. cxd4 Bd6 8.
Bf4 O-O 9. Bc4 a6 10. Qf3 Bxe5 11. Bxe5 Nbd7 12. O-O Nxe5 13. dxe5 Nd7 14.
Re1 Qc7 15. Qc3 b5 16. Bb3 Qxc3 17. Nxc3 Bb7 18. a4 b4 19. Na2 a5 20. Rac1
Rac8 21. Bc4 Nb6 22. Bb5 Bd5 23. Ra1 Rc2 24. Reb1 h6 25. Nc1 Rd8 26. Nd3 Bc4
27. Ne1 Rcd2 28. Nf3 R2d5 29. Bc6 Rd3 30. h3 Bb3 31. Be4 R3d7 32. Bc6 Rd1+
33. Kh2 Rxb1 34. Rxb1 Bxa4 35. Bxa4 Nxa4 36. Ra1 Nxb2 37. Rxa5 Nd3 38. Rb5
g5 39. Kg3 Kg7 40. Nd2 Rd5 41. Rxd5 exd5 42. Kf3 Nxe5+ 43. Ke3 Kf6 44. Kd4
Ke6 45. Nb3 Kd6 46. f3 Nc6+ 47. Kd3 f5 48. Ke3 f4+ 49. Kd3 Ne5+ 50. Kd4 Nc4
51. Kd3 Ne3 52. g3 Ng2 53. g4 Ne1+ 54. Ke2 Nc2 55. Kd3 Ne3 56. Nd4 Kc5 57.
Nf5 Nxf5 58. gxf5 Kd6 59. Kd4 b3 60. Kc3 b2 61. Kxb2 Ke5 62. Kc3 Kxf5 63.
Kd4 Ke6 64. Kc3 Ke5 65. Kd3 d4 66. Kc4 h5 67. Kd3 Kd5 68. Ke2 Kc4 69. Kd2 d3
70. Kc1 Kd4 71. Kd2 h4 72. Kc1 Ke3 73. Kb2 d2 74. Kc2 Ke2 75. Kc3 d1=Q 76.
Kc4 Qd3+ 77. Kc5 Ke3 78. Kb4 Qd5 79. Kc3 Qd4+ 80. Kc2 Qd3+ 81. Kb2 Kd4 82.
Kc1 Qe2 83. Kb1 Kc3 84. Ka1 Qb2# {White checkmated} 0-1

[Event "ICC tourney 1910 (25 10)"]
[Site "Internet Chess Club"]
[Date "2020.07.11"]
[Round "3"]
[White "mancogu"]
[Black "bpchoppara"]
[Result "1-0"]
[ICCResult "Black checkmated"]
[WhiteElo "1410"]
[BlackElo "1335"]
[Opening "Ruy Lopez: old Steinitz defense"]
[ECO "C62"]
[NIC "RL.02"]
[Time "15:30:01"]
[TimeControl "1500+10"]

1. e4 e5 2. Nf3 Nc6 3. Bb5 d6 4. d4 exd4 5. Nxd4 Bd7 6. Nxc6 bxc6 7. Bc4 Be7
8. Nc3 Nf6 9. Be3 Be6 10. Bb3 O-O 11. O-O a5 12. f4 Bc8 13. Qd2 Nd7 14. Bc4
Nb6 15. Be2 Ba6 16. Bxa6 Rxa6 17. Rad1 Nc4 18. Qc1 Nxe3 19. Qxe3 Qb8 20. b3
Qb6 21. Qxb6 cxb6 22. Kf2 Rd8 23. Kf3 f6 24. Rf2 Raa8 25. Na4 b5 26. Nc3
Rab8 27. Rfd2 Kf7 28. h3 g6 29. Ne2 c5 30. Nc3 b4 31. Nd5 h6 32. h4 h5 33.
Ne3 Ke6 34. f5+ gxf5 35. exf5+ Kf7 36. Nc4 Rd7 37. Nxd6+ Bxd6 38. Rxd6 Rxd6
39. Rxd6 Ke7 40. Rd5 Rc8 41. Ke4 c4 42. Rxa5 cxb3 43. cxb3 Rc2 44. g3 Re2+
45. Kf3 Re5 46. Rxe5+ fxe5 47. Ke3 Kf6 48. Ke4 Ke7 49. Kxe5 Kf7 50. f6 Ke8
51. Ke6 Kf8 52. f7 Kg7 53. Ke7 Kg6 54. f8=Q Kh7 55. Qf4 Kh8 56. Kf6 Kg8 57.
Qc7 Kh8 58. Qg7# {Black checkmated} 1-0

[Event "ICC tourney 1910 (25 10)"]
[Site "Internet Chess Club"]
[Date "2020.07.11"]
[Round "3"]
[White "twrchess"]
[Black "Daniel20180828"]
[Result "1/2-1/2"]
[ICCResult "Game drawn by mutual agreement"]
[WhiteElo "1331"]
[BlackElo "1426"]
[Opening "QGD Slav defense"]
[ECO "D10"]
[NIC "SL.01"]
[Time "15:30:13"]
[TimeControl "1500+10"]

1. c4 c6 2. d4 d5 3. Nc3 Bf5 4. Nf3 e6 5. Bf4 Nf6 6. e3 Nbd7 7. Be2 Be7 8.
O-O O-O 9. c5 a6 10. Nh4 Bg6 11. Nxg6 hxg6 12. h3 b6 13. b4 a5 14. Rb1 axb4
15. Rxb4 bxc5 16. dxc5 Bxc5 17. Rb7 Ra7 18. Qb3 Rxb7 19. Qxb7 Qb6 20. Rb1
Qxb7 21. Rxb7 e5 22. Bg3 Bd6 23. Bg4 Nc5 24. Rb2 Ra8 25. Bd1 Nd3 26. Rb6 Bb4
27. Rxc6 Bxc3 28. Rxc3 e4 29. Bb3 Ra5 30. Kf1 Nc5 31. Bd6 Nxb3 32. axb3 Ra6
33. Be5 Kf8 34. Rc5 Rb6 35. Rc3 Ke8 36. Ke2 Kd7 37. Kd2 Ke6 38. Bd4 Rb5 39.
Kc2 Nd7 40. Rc6+ Ke7 41. Bxg7 f6 42. Bh6 g5 43. Rc7 Rc5+ 44. Rxc5 Nxc5 45.
h4 gxh4 46. Kc3 Nd3 47. Kd4 Ke6 48. Bf4 Nxf2 49. b4 Nd3 50. b5 Nb4 51. Kc5
Nd3+ 52. Kd4 Nb4 {Game drawn by mutual agreement} 1/2-1/2

[Event "ICC tourney 1910 (25 10)"]
[Site "Internet Chess Club"]
[Date "2020.07.11"]
[Round "3"]
[White "SunnyCountry"]
[Black "GIML"]
[Result "1-0"]
[ICCResult "Black resigns"]
[WhiteElo "1325"]
[BlackElo "1283"]
[Opening "Sicilian: accelerated fianchetto, modern variation"]
[ECO "B34"]
[NIC "SI.33"]
[Time "15:30:13"]
[TimeControl "1500+10"]

1. e4 c5 2. Nf3 Nc6 3. d4 cxd4 4. Nxd4 g6 5. Nc3 Bg7 6. Be3 Nf6 7. f3 O-O 8.
Be2 d5 9. O-O dxe4 10. Nxc6 bxc6 11. fxe4 Bb7 12. Kh1 Qc7 13. Bf4 e5 14. Bg5
Nd7 15. Bc4 Nb6 16. Bb3 Kh8 17. Qe1 c5 18. a3 c4 19. Ba2 f5 20. exf5 Rxf5
21. Rxf5 gxf5 22. Rd1 Qc6 23. Qf2 Rf8 24. h3 e4 25. Qg3 h6 26. Bf4 Rg8 27.
Rd6 Qc5 28. Qh4 Re8 29. Rxh6+ Bxh6 30. Qxh6+ Kg8 31. Qg6+ Kf8 32. Bd6+ Qxd6
33. Qxd6+ Kf7 34. Qc7+ Re7 35. Bxc4+ Nxc4 36. Qxc4+ Kf6 37. Qd4+ Kg5 38. h4+
Kg4 39. Ne2 Rh7 40. g3 f4 41. Nxf4 Kxg3 42. Qe3+ Kg4 43. Ng2 Rf7 44. Qg5+
Kh3 45. Nf4+ Rxf4 46. Qxf4 e3+ 47. Kg1 e2 48. Qe3+ Kxh4 49. Qxe2 Bd5 50.
Qf2+ Kg4 51. Qd4+ {Black resigns} 1-0

[Event "ICC tourney 1910 (25 10)"]
[Site "Internet Chess Club"]
[Date "2020.07.11"]
[Round "3"]
[White "ChemStud24"]
[Black "IplayLikeTrash"]
[Result "1-0"]
[ICCResult "Black checkmated"]
[WhiteElo "1634"]
[BlackElo "1577"]
[Opening "French: Marshall variation"]
[ECO "C10"]
[NIC "FR.04"]
[Time "15:30:16"]
[TimeControl "1500+10"]

1. e4 e6 2. d4 d5 3. Nc3 c5 4. exd5 exd5 5. dxc5 d4 6. Ne4 Bf5 7. Qf3 Bxe4
8. Qxe4+ Qe7 9. Qxe7+ Bxe7 10. Bb5+ Nc6 11. b4 Nf6 12. Bb2 O-O 13. Bxc6 bxc6
14. Bxd4 a5 15. c3 Nd5 16. Nf3 axb4 17. cxb4 Nxb4 18. O-O Nc2 19. Rac1 Rxa2
20. Rfd1 Nxd4 21. Nxd4 Rd8 22. Nxc6 Rxd1+ 23. Rxd1 Bf6 24. Ne5 g6 25. Nd7
Be7 26. g4 Rc2 27. Rd5 Bh4 28. f3 Bf2+ 29. Kf1 Bh4 30. g5 Rf2+ 31. Kg1 Rxf3
32. c6 Rc3 33. Rc5 Rxc5 34. Nxc5 Bxg5 35. c7 Be3+ 36. Kg2 Bxc5 37. c8=Q+ Bf8
38. h4 h5 39. Qe8 Kg7 40. Qe5+ Kg8 41. Qf6 Bg7 42. Qd8+ Bf8 43. Qg5 Kg7 44.
Kg3 Kg8 45. Kf4 Bb4 46. Qd8+ Bf8 47. Ke5 Kg7 48. Qc8 Be7 49. Qh3 Bf6+ 50.
Kd6 Kf8 51. Kd7 Kg7 52. Ke8 Kg8 53. Qd7 Bxh4 54. Qxf7+ Kh8 55. Qxg6 Be1 56.
Kf7 h4 57. Qh6# {Black checkmated} 1-0

[Event "ICC tourney 1910 (25 10)"]
[Site "Internet Chess Club"]
[Date "2020.07.11"]
[Round "4"]
[White "AndreiM"]
[Black "Daniel20180828"]
[Result "1-0"]
[ICCResult "Black resigns"]
[WhiteElo "1448"]
[BlackElo "1406"]
[Opening "English: Caro-Kann defensive system"]
[ECO "A11"]
[NIC "EO.64"]
[Time "17:16:09"]
[TimeControl "1500+10"]

1. c4 c6 2. Nc3 d5 3. d4 Bf5 4. cxd5 cxd5 5. Qb3 Nc6 6. Qxd5 Nxd4 7. e4 Nc2+
8. Kd1 Nxa1 9. exf5 Qxd5+ 10. Nxd5 Rd8 11. Bb5+ Rd7 12. Bxd7+ Kxd7 13. Bf4
e6 14. fxe6+ fxe6 15. Nc3 Bd6 16. Bxd6 Kxd6 17. Nf3 Nf6 18. Kd2 Rd8 19. Rxa1
Kc5+ 20. Ke2 Ng4 21. h3 Nf6 22. Rd1 Rxd1 23. Nxd1 Kc4 24. Ne3+ Kb4 25. Ng5
e5 26. Ng4 a5 27. Nxf6 gxf6 28. Nxh7 a4 29. Nxf6 a3 30. bxa3+ Kxa3 31. Nd5
b5 32. h4 Kxa2 33. h5 Kb2 34. h6 {Black resigns} 1-0

[Event "ICC tourney 1910 (25 10)"]
[Site "Internet Chess Club"]
[Date "2020.07.11"]
[Round "4"]
[White "GIML"]
[Black "EthanDember"]
[Result "1-0"]
[ICCResult "Black resigns"]
[WhiteElo "1301"]
[BlackElo "1140"]
[Opening "Sicilian defense"]
[ECO "B33"]
[NIC "SI.34"]
[Time "17:15:45"]
[TimeControl "1500+10"]

1. e4 c5 2. Nf3 Nc6 3. d4 cxd4 4. Nxd4 Nf6 5. Nc3 g6 6. Nxc6 bxc6 7. e5 Nd5
8. Nxd5 cxd5 9. Qxd5 Rb8 10. Bc4 e6 11. Qd3 Bg7 12. Qe3 O-O 13. O-O d6 14.
Rd1 Bxe5 15. c3 Bg7 16. b4 d5 17. Rb1 Qc7 18. Bb3 Qxc3 19. Qxc3 Bxc3 20. Bh6
Bg7 21. Bxg7 Kxg7 22. a3 Bd7 23. Rbc1 Rfc8 24. Kf1 Bb5+ 25. Ke1 Rc6 26. a4
Rxc1 27. Rxc1 Bc4 28. Bxc4 dxc4 29. Rxc4 Rb7 30. Ke2 h5 31. Ke3 f5 32. b5
Kf6 33. f4 e5 34. Rc6+ Kg7 35. fxe5 Re7 36. Kf4 Kh6 37. h4 Rd7 38. e6 Re7
39. a5 Kg7 40. b6 axb6 41. axb6 Kf6 42. Ke3 Rb7 43. Kd4 Ke7 44. Kd5 Rb8 45.
Rc7+ Kd8 46. e7+ Ke8 47. Kc6 f4 48. b7 f3 49. gxf3 g5 50. Rc8+ Rxc8+ 51.
bxc8=Q+ Kxe7 52. Qf5 gxh4 53. Qxh5 Kf6 54. f4 h3 55. Qxh3 Kf7 {Black
resigns} 1-0

[Event "ICC tourney 1910 (25 10)"]
[Site "Internet Chess Club"]
[Date "2020.07.11"]
[Round "4"]
[White "ab4gm"]
[Black "tasawyer81"]
[Result "1-0"]
[ICCResult "Black resigns"]
[WhiteElo "1224"]
[BlackElo "1149"]
[Opening "Philidor's defense"]
[ECO "C41"]
[NIC "VO.17"]
[Time "17:15:43"]
[TimeControl "1500+10"]

1. e4 d6 2. Nf3 e5 3. Nc3 Nf6 4. Bc4 Be7 5. d3 O-O 6. O-O c6 7. a4 Nbd7 8.
Be3 Qc7 9. Re1 b6 10. Qe2 Bb7 11. h3 d5 12. exd5 cxd5 13. Nxd5 Nxd5 14. Bxd5
Bxd5 15. Bd2 Nf6 16. c3 h6 17. Nxe5 Rfe8 18. Ng4 Nxg4 19. Qxg4 Be6 20. Qf3
Rad8 21. d4 Bd5 22. Qg4 Be6 23. Qf3 Bd6 24. Re3 Bf4 25. Re2 Bxd2 26. Rxd2
Bd5 27. Qg4 Re4 28. Qg3 Qxg3 29. fxg3 Rde8 30. Rf1 Bc4 31. Rfd1 Re1+ 32.
Rxe1 Rxe1+ 33. Kf2 Rb1 34. d5 Rf1+ 35. Ke3 Re1+ 36. Kf2 Rf1+ 37. Ke3 Rf5 38.
d6 Re5+ 39. Kf2 Rf5+ 40. Kg1 Be6 41. d7 Bxd7 42. Rxd7 Rb5 43. Rxa7 Ra5 44.
Rxa5 bxa5 45. Kf2 Kf8 46. Ke3 Ke7 47. Kd4 Kd6 48. Kc4 g5 49. Kb5 Kd5 50.
Kxa5 Ke4 51. Kb6 Kd5 52. a5 Kc4 53. a6 {Black resigns} 1-0

[Event "ICC tourney 1910 (25 10)"]
[Site "Internet Chess Club"]
[Date "2020.07.11"]
[Round "4"]
[White "oxdidi"]
[Black "jvinamra"]
[Result "1-0"]
[ICCResult "Black checkmated"]
[WhiteElo "1255"]
[BlackElo "1354"]
[Opening "Caro-Kann: advance variation"]
[ECO "B12"]
[NIC "CK.04"]
[Time "17:16:02"]
[TimeControl "1500+10"]

1. e4 c6 2. d4 d5 3. e5 Bf5 4. Nf3 e6 5. Nc3 Nd7 6. Be2 c5 7. O-O cxd4 8.
Nxd4 Bg6 9. Nf3 Bh5 10. Re1 Ne7 11. Bf4 Ng6 12. Bg3 Qc7 13. Nb5 Qb6 14. Rb1
a6 15. Nd6+ Bxd6 16. exd6 O-O 17. h3 Nge5 18. Nxe5 Nf6 19. Bxh5 Nxh5 20.
Qxh5 Rac8 21. Nd7 Qd8 22. Nxf8 Qxf8 23. Qg4 Rxc2 24. Be5 f6 25. Qxe6+ Qf7
26. Qxf7+ Kxf7 27. Bg3 Rc6 28. d7 Rc7 29. Bxc7 Kf8 30. d8=Q+ Kf7 31. Qe8#
{Black checkmated}
1-0

[Event "ICC tourney 1910 (25 10)"]
[Site "Internet Chess Club"]
[Date "2020.07.11"]
[Round "4"]
[White "KingRayfish"]
[Black "chessisfunsp"]
[Result "0-1"]
[ICCResult "White checkmated"]
[WhiteElo "1452"]
[BlackElo "1686"]
[Opening "Giuoco Pianissimo: Italian four knights variation"]
[ECO "C50"]
[NIC "IG.02"]
[Time "17:16:09"]
[TimeControl "1500+10"]

1. e4 e5 2. Nf3 Nc6 3. Bc4 Bc5 4. d3 Nf6 5. Nc3 O-O 6. Bg5 h6 7. Bh4 d6 8.
Nd5 g5 9. Nxg5 Nxd5 10. Qh5 Qf6 11. O-O-O Nf4 12. Qf3 hxg5 13. g3 Nd4 14.
Qe3 Nde2+ 15. Kd2 Bxe3+ 16. fxe3 Bg4 17. exf4 gxh4 18. gxh4 Qxf4+ 19. Ke1
Nd4 20. Rd2 Nf3+ 21. Kf2 Nxd2+ 22. Ke1 Qe3# {White checkmated} 0-1

[Event "ICC tourney 1910 (25 10)"]
[Site "Internet Chess Club"]
[Date "2020.07.11"]
[Round "4"]
[White "Hydra88"]
[Black "MonkeyTown"]
[Result "1-0"]
[ICCResult "Black resigns"]
[WhiteElo "1513"]
[BlackElo "1430"]
[Opening "Petrov: French attack"]
[ECO "C42"]
[NIC "RG.03"]
[Time "17:15:44"]
[TimeControl "1500+10"]

1. e4 e5 2. Nf3 Nf6 3. Nxe5 d6 4. Nf3 Nxe4 5. d3 Nf6 6. Be2 Be7 7. O-O O-O
8. Re1 Nc6 9. d4 d5 10. c3 Re8 11. Bb5 a6 12. Bxc6 bxc6 13. Bg5 Bg4 14. Nbd2
Rb8 15. Bxf6 Bxf6 16. Rxe8+ Qxe8 17. Qe1 Qxe1+ 18. Rxe1 Kf8 19. b4 Re8 20.
Rxe8+ Kxe8 21. Ne5 Bxe5 22. dxe5 Ke7 23. f4 Ke6 24. g3 f6 25. exf6 Kxf6 26.
Kf2 Bf5 27. Nf3 Bd3 28. Nd4 Bb5 29. Kf3 g5 30. fxg5+ Kxg5 31. Ne6+ Kf5 32.
Nxc7 Bd3 33. Ke3 Bb1 34. a3 {Black resigns} 1-0

[Event "ICC tourney 1910 (25 10)"]
[Site "Internet Chess Club"]
[Date "2020.07.11"]
[Round "4"]
[White "stephenwilly"]
[Black "CheddarCheng1"]
[Result "1-0"]
[ICCResult "Black resigns"]
[WhiteElo "1643"]
[BlackElo "1514"]
[Opening "Two knights defense (Modern bishop's opening)"]
[ECO "C55"]
[NIC "IG.01"]
[Time "17:15:44"]
[TimeControl "1500+10"]

1. e4 e5 2. Nf3 Nc6 3. Bc4 Nf6 4. d3 Be7 5. Nc3 O-O 6. a3 d6 7. Be3 Be6 8.
Bxe6 fxe6 9. d4 exd4 10. Nxd4 Nxd4 11. Qxd4 e5 12. Qd2 Qe8 13. Nd5 Nxd5 14.
Qxd5+ Kh8 15. Qxb7 Qg6 16. O-O Qe6 17. Bxa7 Qd7 18. Be3 Rab8 19. Qd5 Rxb2
20. a4 Rxc2 21. a5 Rb2 22. a6 Rbb8 23. a7 Ra8 24. Rfb1 c5 25. Qxa8 Rxa8 26.
Rb8+ Qd8 27. Rxd8+ Bxd8 28. Ra6 Bc7 29. h3 h6 30. Kf1 Kg8 31. Ke2 Kf7 32.
Kd3 Ke7 33. Kc4 Kd7 34. Kd5 g5 35. h4 gxh4 36. Bxh6 c4 37. Kxc4 Bd8 38. Kd5
Be7 39. Be3 h3 40. gxh3 Bf8 41. h4 Kc7 42. h5 Kb7 43. Ra1 Bg7 {Black
resigns} 1-0

[Event "ICC tourney 1910 (25 10)"]
[Site "Internet Chess Club"]
[Date "2020.07.11"]
[Round "4"]
[White "MadiChesskid"]
[Black "NimaiG"]
[Result "0-1"]
[ICCResult "White checkmated"]
[WhiteElo "1445"]
[BlackElo "1572"]
[Opening "QGD: 4.Nf3"]
[ECO "D37"]
[NIC "QP.09"]
[Time "17:15:55"]
[TimeControl "1500+10"]

1. Nf3 d5 2. d4 Nf6 3. c4 e6 4. Nc3 dxc4 5. e4 Bb4 6. Qc2 b5 7. Bg5 h6 8.
Bh4 g5 9. Bg3 Nbd7 10. Be2 Bb7 11. O-O a6 12. a3 Bxc3 13. Qxc3 Nxe4 14. Qc2
h5 15. h3 Nxg3 16. fxg3 Qe7 17. Rf2 g4 18. Ne5 Nxe5 19. dxe5 Qc5 20. Rf1
Qxe5 21. Rxf7 O-O-O 22. Qg6 Qxe2 23. R1f2 Qe3 24. Qg7 Qxg3 25. Rc2 Rd1+ 26.
Rf1 Rxf1+ 27. Kxf1 Qd3+ 28. Re2 Bxg2+ 29. Ke1 Qb1+ 30. Kf2 Qf1+ 31. Ke3 Qf3+
32. Kd2 Rd8+ 33. Ke1 Qf1# {White checkmated} 0-1

[Event "ICC tourney 1910 (25 10)"]
[Site "Internet Chess Club"]
[Date "2020.07.11"]
[Round "4"]
[White "TheOrcaPro"]
[Black "SunnyCountry"]
[Result "0-1"]
[ICCResult "White resigns"]
[WhiteElo "1562"]
[BlackElo "1411"]
[Opening "Sicilian: Najdorf"]
[ECO "B90"]
[NIC "SI.14"]
[Time "17:15:58"]
[TimeControl "1500+10"]

1. e4 c5 2. Nf3 d6 3. d4 cxd4 4. Nxd4 Nf6 5. Nc3 a6 6. a4 e6 7. Be3 Nc6 8.
Be2 Qc7 9. O-O Be7 10. Qd2 O-O 11. Bf3 Bd7 12. Rfd1 Rac8 13. Rac1 Rfe8 14.
Nce2 h6 15. c3 e5 16. Nxc6 Bxc6 17. Ng3 Bxa4 18. Re1 Rcd8 19. Nf5 Bf8 20.
Kh1 Nd7 21. g4 Nc5 22. Rb1 Bc6 23. Bxh6 gxh6 24. g5 Re6 25. gxh6 Bxh6 26.
Nxh6+ Kh8 27. b4 Na4 28. Rg1 Rg6 29. Rxg6 fxg6 30. Qg5 Nxc3 31. Nf7+ Qxf7
32. Qxd8+ Kh7 33. Qh4+ Kg7 34. Rb3 Qxf3+ 35. Kg1 Qd1+ 36. Kg2 Bxe4+ 37. Kh3
Qxb3 38. Qe7+ Qf7 39. Qh4 Qf3+ {White resigns} 0-1